 Dungeon Crawl Stone Soup version 0.25-a0-246-g58704a1ebd (webtiles) character file.

Game seed: 9039249465134064422, levelgen mode: deterministic

9751 Roikka the Nimble (level 11, -7/52 HPs)
             Began as a Spriggan Enchanter on Dec 3, 2019.
             Was a High Priest of Dithmenos.
             Splashed by an oklob plant's acid (10 damage)
             ... on level 11 of the Dungeon.
             The game lasted 00:57:50 (14199 turns).

Roikka the Nimble (Spriggan Enchanter)             Turns: 14199, Time: 00:57:51

Health: -7/52      AC:  4    Str:  4    XL:     11   Next: 27%
Magic:  21/21      EV: 31    Int: 16    God:    Dithmenos [*****.]
Gold:   506        SH:  0    Dex: 21    Spells: 10/22 levels left

rFire    . . .     SeeInvis +   B - +8 dagger (venom)
rCold    + . .     Gourm    .   (shield restricted)
rNeg     + . .     Faith    .   q - +2 robe
rPois    .         Spirit   .   (helmet restricted)
rElec    .         Reflect  .   (no cloak)
rCorr    .         Harm     .   (gloves unavailable)
MR       +....                  (boots unavailable)
Stlth    +++++++++.             (no amulet)
HPRegen  0.17/turn              g - ring of protection from cold
MPRegen  0.17/turn              z - ring of positive energy

@: wreathed by umbra, studying Dodging, very quick
A: very small, unfitting armour, see invisible, herbivore, speed 3, slow
metabolism 2
a: Shadow Step, Shadow Form, Renounce Religion


You were on level 11 of the Dungeon.
You worshipped Dithmenos.
Dithmenos was extremely pleased with you.
You were not hungry.

You visited 2 branches of the dungeon, and saw 12 of its levels.

You collected 553 gold pieces.
You spent 47 gold pieces at shops.

Inventory:

Hand Weapons
 a - a +1 dagger
 b - a +0 hand crossbow
 x - a +0 rapier
 B - a +8 dagger of venom (weapon)
 D - a +1 short sword of electrocution
Missiles
 i - 65 bolts
 l - 2 throwing nets (quivered)
 o - 56 poisoned darts
Armour
 q - a +2 robe (worn)
Jewellery
 g - a ring of protection from cold (left hand)
 p - an uncursed ring of fire
 z - a ring of positive energy (right hand)
 C - an uncursed ring of flight
 E - an uncursed amulet of rage
Wands
 r - a wand of iceblast (6)
 s - a wand of disintegration (20)
 v - a wand of random effects (18)
Scrolls
 c - a scroll of fog
 f - a scroll of identify
 h - 2 scrolls of blinking
 t - a scroll of remove curse
 y - a scroll of amnesia
 A - a scroll of teleportation
Potions
 e - 6 potions of curing
 j - 2 potions of ambrosia {unknown}
 k - 4 potions of haste
 m - a potion of mutation {unknown}
 n - a potion of might {unknown}
 u - 3 potions of heal wounds {unknown}
Books
 w - a manual of Dodging
Comestibles
 d - 13 rations


   Skills:
 + Level 3.3 Fighting
 * Level 10.6 Short Blades
 + Level 13.5 Dodging
 + Level 12.4 Stealth
 - Level 6.1 Spellcasting
 + Level 9.6 Hexes
 - Level 2.0 Ice Magic


You had 10 spell levels left.
You knew the following spells:

 Your Spells              Type           Power        Failure   Level  Hunger
a - Corona                Hex            #####..      1%          1    None
b - Ensorcelled Hibernat  Hex/Ice        ###...       1%          2    #......
c - Tukima's Dance        Hex            #####...     1%          3    ##.....
d - Confuse               Hex            #####...     1%          3    ##.....
e - Dazzling Flash        Conj/Hex       ###...       5%          3    ##.....

Your spell library contained the following spells:

 Spells                   Type           Power        Failure   Level  Hunger
 Beastly Appendage        Tmut           #.....       14%         1    None
 Sticks to Snakes         Tmut           #.......     21%         2    #......
 Spider Form              Tmut/Pois      #.........   38%         3    ##.....
 Ice Form                 Ice/Tmut       #.......     65%         4    ####...
 Blade Hands              Tmut           #.........   98%         5    ######.


Dungeon Overview and Level Annotations

Branches:
Dungeon (11/15)            Temple (1/1) D:4            Lair (0/6) D:11
    Orc (0/2) D:11

Altars:
Ashenzari
Cheibriados
Dithmenos
Elyvilon
Fedhas
Gozag
Hepliaklqana
Kikubaaqudgha
Makhleb
Nemelex Xobeh
Okawaru
Qazlal
Ru
Sif Muna
Trog
Uskayaw
Vehumet
Wu Jian
Xom
Yredelemnul
Zin
The Shining One
Jiyva

Shops:
D:9 *}(:!   D:10 [

Annotations:
D:3 exclusion: oklob plant
D:8 3 runed translucent doors, astraldaughter's ghost, novice GnWz
D:11 3 runed translucent doors, exclusion: oklob plant, P0WERM0DE's ghost, journeyman DDFi


Innate Abilities, Weirdness & Mutations

You are very small and have problems with some larger weapons.
You are too small for most types of armour.
You have supernaturally acute eyesight. (SInv)
You are a herbivore.
You cover ground extremely quickly.
You need to consume almost no food.


Message History

The oklob plant is severely damaged.
You hit the oklob plant but do no damage.
The oklob plant is severely damaged.
The oklob plant spits acid at you. The splash of acid misses you.
You hit the oklob plant.
The oklob plant is severely damaged.
You hit the oklob plant but do no damage.
The oklob plant is severely damaged.
The oklob plant spits acid at you. The splash of acid hits you!
You are splashed with acid!
* * * LOW HITPOINT WARNING * * *
You completely miss the oklob plant.
The oklob plant is almost destroyed.
Your shadow hits the oklob plant but does no damage.
The oklob plant spits acid at you. The splash of acid hits you.
* * * LOW HITPOINT WARNING * * *
You are splashed with acid!
You die...

......# #.# ......## ##.#
...(.†.## #..# ........##
###### # #.##
.........###....#######.. ##.#
.......#..##...#...≈... .. #..#
..........##.....#...# ... #.##
...........#....##PPP##... ##.#
..............#.@.PPP...#. #..#
8............(#≈.PP>P..≈#.##.##
...........#..#...PPPP..#.#..#
...........#....##...##...#..#
.
...........##....#...#....#.##
#.
...........##..#...≈...#....#
#..
...........##...#######.....#
... ...........####..
.........##... .H......... ..
########......


You could see an oklob plant.

Vanquished Creatures
  A two-headed ogre (D:9)
  An ugly thing (D:7)
  An oklob plant (D:11)
  A cyclops (D:11)
  A centaur skeleton (D:11)
  A gargoyle (D:10)
  A kobold demonologist (D:8)
  A hornet (D:9)
  A queen bee (D:8)
  Prince Ribbit (D:7)
  4 hippogriffs
  A wyvern (D:9)
  A hungry ghost (D:9)
  Menkaure (D:7)
  A water moccasin (D:8)
  5 orc warriors
  2 ice beasts
  3 sky beasts
  2 necrophages
  4 phantoms
  2 ogres
  A crocodile (D:7)
  8 big kobolds (D:8)
  3 bullfrogs (D:9)
  A gnoll sergeant (D:9)
  4 scorpions
  2 wyvern skeletons
  27 killer bees
  5 howler monkeys
  3 crimson imps
  A quasit (D:10)
  5 hounds
  3 jellies
  2 bullfrog skeletons
  3 orc priests
  Jessica (D:3)
  An orc wizard (D:7)
  10 worker ants
  A hound skeleton (D:4)
  6 gnolls
  9 adders
  4 shadow imps
  An ooze (D:3)
  2 adder skeletons
  7 worms
  3 dart slugs
  5 leopard geckos
  37 orcs
  8 bats
  2 giant cockroaches
  14 goblins
  6 hobgoblins
  8 jackals
  28 kobolds
  5 quokkas
  3 ball pythons
  3 frilled lizards
  7 kobold skeletons (D:8)
  10 kobold zombies (D:8)
  3 quokka skeletons
  8 rats
296 creatures vanquished.

Vanquished Creatures (collateral kills)
  A shadow imp (D:9)
  2 orcs (D:9)
3 creatures vanquished.

Vanquished Creatures (others)
  3 dancing weapons (D:9)
3 creatures vanquished.

Grand Total: 302 creatures vanquished

Notes
Turn   | Place    | Note
-------+----------+-------------------------------------------
     0 | D:1      | Roikka the Spriggan Enchanter began the quest for the Orb.
     0 | D:1      | Reached XP level 1. HP: 9/9 MP: 5/5
   463 | D:1      | Reached XP level 2. HP: 12/13 MP: 6/6
   490 | D:1      | Learned a level 2 spell: Ensorcelled Hibernation
  1721 | D:2      | Reached XP level 3. HP: 16/16 MP: 8/8
  2133 | D:2      | Learned a level 3 spell: Tukima's Dance
  2361 | D:2      | Found a basalt altar of Yredelemnul.
  2412 | D:2      | Reached skill level 5 in Stealth
  2412 | D:2      | Reached skill level 1 in Ice Magic
  2412 | D:2      | Reached XP level 4. HP: 11/21 MP: 6/9
  2764 | D:2      | Learned a level 3 spell: Confuse
  3319 | D:3      | Found a faded altar of an unknown god.
  3517 | D:3      | Found a shattered altar of Ashenzari.
  3664 | D:3      | Found an ornate altar of the Wu Jian Council.
  3675 | D:3      | Found a shimmering altar of Xom.
  3675 | D:3      | Found a radiant altar of Vehumet.
  3697 | D:3      | Noticed Jessica
  3732 | D:3      | Killed Jessica
  3732 | D:3      | Reached XP level 5. HP: 24/24 MP: 0/11
  3854 | D:3      | Reached skill level 4 in Dodging
  4037 | D:3      | Found a blossoming altar of Fedhas.
  4050 | D:3      | Noticed an oklob plant
  4582 | D:4      | Found a staircase to the Ecumenical Temple.
  4606 | Temple   | Entered the Ecumenical Temple
  4648 | Temple   | Became a worshipper of Dithmenos the Shadowed
  5057 | D:4      | Found a burning altar of Makhleb.
  5061 | D:4      | Reached skill level 5 in Hexes
  5061 | D:4      | Reached XP level 6. HP: 28/28 MP: 12/12
  5303 | D:5      | Entered Level 5 of the Dungeon
  5304 | D:5      | Noticed an ice beast
  5344 | D:5      | Killed an ice beast
  5459 | D:5      | Reached skill level 5 in Dodging
  5590 | D:5      | Reached XP level 7. HP: 25/32 MP: 10/14
  6099 | D:5      | Found an iron altar of Okawaru.
  6124 | D:5      | Reached * piety under Dithmenos
  6343 | D:6      | Found an opulent altar of Gozag.
  6378 | D:6      | Reached skill level 5 in Spellcasting
  6925 | D:6      | Found an iron altar of Okawaru.
  7245 | D:6      | Found a sacrificial altar of Ru.
  7603 | D:7      | Reached skill level 6 in Dodging
  7603 | D:7      | Reached XP level 8. HP: 36/36 MP: 9/16
  7688 | D:7      | Noticed Menkaure
  7740 | D:7      | Killed Menkaure
  7768 | D:7      | Noticed Prince Ribbit
  7774 | D:7      | Killed Prince Ribbit
  7802 | D:7      | Reached skill level 5 in Short Blades
  7943 | D:7      | Noticed a white ugly thing
  8209 | D:7      | Noticed a hippogriff
  8237 | D:7      | Killed a red ugly thing
  8237 | D:7      | Reached skill level 7 in Dodging
  8402 | D:7      | Reached XP level 9. HP: 39/39 MP: 16/19
  8578 | D:7      | Learned a level 3 spell: Dazzling Flash
  8632 | D:7      | Found a shimmering blue altar of Sif Muna.
  8677 | D:8      | Found an ancient bone altar of Kikubaaqudgha.
  8714 | D:8      | Noticed a queen bee
  9075 | D:8      | Reached skill level 8 in Dodging
  9498 | D:8      | Killed a queen bee
  9502 | D:8      | Reached ** piety under Dithmenos
  9535 | D:7      | Reached skill level 9 in Dodging
  9535 | D:7      | Reached skill level 10 in Stealth
  9631 | D:8      | Found a runed translucent gate.
  9631 | D:8      | Found a runed translucent gate.
  9631 | D:8      | Found a runed translucent gate.
  9637 | D:8      | Noticed astraldaughter's ghost (novice GnWz)
  9846 | D:8      | Reached skill level 10 in Dodging
 10112 | D:8      | Reached XP level 10. HP: 38/44 MP: 5/20
 10117 | D:8      | Reached *** piety under Dithmenos
 10163 | D:8      | Reached skill level 11 in Dodging
 10327 | D:8      | Noticed a sun demon
 10491 | D:8      | Found a viscous altar of Jiyva.
 10637 | D:8      | Found an ancient bone altar of Kikubaaqudgha.
 10843 | D:9      | Found Womeca's Book Boutique.
 10843 | D:9      | Noticed a two-headed ogre
 10845 | D:9      | Killed a two-headed ogre
 10845 | D:9      | Reached skill level 1 in Fighting
 10856 | D:9      | Noticed a moth of wrath
 10858 | D:9      | Found a bloodstained altar of Trog.
 11156 | D:8      | Reached **** piety under Dithmenos
 11171 | D:9      | Found Hycitiom's Distillery.
 11194 | D:9      | Bought a potion of degeneration for 15 gold pieces
 11508 | D:9      | Reached skill level 12 in Dodging
 11719 | D:9      | Identified a scroll of acquirement
 11942 | D:9      | Found Zeruolok's Assorted Antiques.
 11947 | D:9      | Found Sogaesof's Gadget Shop.
 11955 | D:9      | Bought a scroll labeled ANUGOP HEYCSE for 32 gold pieces
 11979 | D:9      | Found Eczuz's Antique Weapon Emporium.
 12039 | D:9      | Found a glowing silver altar of Zin.
 12465 | D:10     | Entered Level 10 of the Dungeon
 12465 | D:10     | Noticed a gargoyle
 12495 | D:10     | Reached skill level 10 in Short Blades
 12556 | D:10     | Killed a gargoyle
 12953 | D:10     | Found Nurgh's Antique Armour Emporium.
 13035 | D:10     | Reached XP level 11. HP: 51/51 MP: 21/21
 13279 | D:10     | Reached skill level 13 in Dodging
 13604 | D:11     | Reached ***** piety under Dithmenos
 13749 | D:11     | Found a staircase to the Orcish Mines.
 13779 | D:11     | Found a runed translucent gate.
 13779 | D:11     | Found a runed translucent gate.
 13781 | D:11     | Found a runed translucent gate.
 13781 | D:11     | Noticed P0WERM0DE's ghost (journeyman DDFi)
 13784 | D:11     | Identified the +8 plate armour of Indemnity {Stlth+}
 14035 | D:11     | Found a staircase to the Lair.
 14036 | D:11     | Noticed an oklob plant
 14038 | D:11     | Noticed an oklob plant
 14180 | D:11     | Killed an oklob plant
 14199 | D:11     | Splashed by an oklob plant's acid

Levels and vault maps discovered:
D:1:      onia_arrival_mini_spirals, layout_basic, feat_on_display
D:2:      kennysheep_big_flooded_room, layout_loops_corners,
          yredelemnul_forgotten_temple_becter, serial_bayou_pond_d
D:3:      layout_basic, nicolae_ashenzari_panopticon, tgw_fedhas,
          nicolae_overflow_hidden_temple,
          chequers_temple_overflow_statue_of_worship,
          chequers_ecumenical_altar_island, uniq_jessica
D:4:      layout_gridville, makhleb_grotto_becter,
          minmay_temple_entry_overgrown, first_ration
D:5:      layout_cave_pools, okawaru_altar_gauntlet_db
D:6:      layout_layer_cave, nicolae_gozag_seed_capital, old_standard_altar,
          basic_altar
D:7:      layout_cave_pools, kennysheep_mini, minmay_manual_moon, uniq_menkaure,
          uniq_prince_ribbit1
D:8:      wander_kiku_kobolds, layout_cave_pools,
          nicolae_overflow_crystal_walls, gammafunk_ghost_ooze, david_nohive_1
D:9:      layout_rooms, zin_treasury, tgw_trog, serial_shops, shop, shop,
          nicolae_shop_window_shopping, shop_statue, shop, special_room
          [special_room_orc], chequers_serial_rivers_micro_c, nicolae_wwwww
D:10:     layout_irregular_city, serial_shops, kennysheep_mini_moat,
          minivault_25_ag
D:11:     layout_cave_pods, dpeg_oklobed_lair, orc_0_dummy,
          biasface_ghost_orc_armoury
Temple:   compressed_dpeg_triangle_lava_temple

Skill      XL: |  1  2  3  4  5  6  7  8  9 10 11 |
---------------+----------------------------------+-----
Spellcasting   | 3 4 5 6 |  6.1
Hexes          | 4 5 6 7 8 9 |  9.6
Short Blades   | 2 3 4 6 8 10 | 10.6
Stealth        | 5 6 7 9 11 12 | 12.4
Ice Magic      | 1 2 |  2.0
Dodging        | 4 5 6 7 10 12 13 | 13.5
Fighting       | 2 3 |  3.3

Action                   |  1- 3 |  4- 6 |  7- 9 | 10-12 || total
-------------------------+-------+-------+-------+-------++-------
Melee: Dagger            |   147 |   135 |   275 |   648 ||  1205
       Rapier            |       |       |       |    11 ||    11
 Fire: Hand crossbow     |       |       |     5 |       ||     5
 Cast: Corona            |    15 |     7 |     1 |       ||    23
       Ensorcelled Hiber |     5 |    19 |    64 |    39 ||   127
       Tukima's Dance    |       |     2 |       |    11 ||    13
       Confuse           |       |    10 |    21 |    16 ||    47
       Dazzling Flash    |       |       |     2 |       ||     2
  Use: Scroll            |     2 |     4 |     7 |     8 ||    21
       Potion            |       |       |     1 |       ||     1
 Stab: Sleeping          |    14 |    18 |    50 |    32 ||   114
       Distracted        |       |     2 |     1 |     8 ||    11
       Confused          |       |     8 |    14 |    11 ||    33
       Invisible         |       |       |     1 |       ||     1
  Eat: Ration            |       |     2 |     4 |     3 ||     9
Armor: Robe              |    21 |     9 |     6 |    13 ||    49
Dodge: Dodged            |   122 |    83 |   265 |   472 ||   942

Table legend:
 A = Non-vault XP
 B = Vault XP
 C = Vault XP percentage of total XP
 D = Non-vault monster count
 E = Vault monster count
 F = Vault count percentage of total count
                 A         B        C        D         E       F
            +---------+---------+-------+---------+---------+-------
      Total |    9115 |    4816 |  34.6 |     188 |     111 |  37.1
            +---------+---------+-------+---------+---------+-------
        D:1 |      34 |       0 |   0.0 |      18 |       0 |   0.0
        D:2 |     107 |       4 |   3.6 |      22 |       2 |   8.3
        D:3 |      79 |      37 |  31.9 |      15 |       1 |   6.2
        D:4 |     230 |      50 |  17.9 |       8 |       1 |  11.1
        D:5 |     642 |      13 |   2.0 |      14 |       6 |  30.0
        D:6 |     181 |      59 |  24.6 |       7 |       1 |  12.5
        D:7 |     675 |    1683 |  71.4 |      18 |      10 |  35.7
        D:8 |     487 |    2062 |  80.9 |       7 |      59 |  89.4
        D:9 |    2868 |     373 |  11.5 |      37 |      30 |  44.8
       D:10 |    1757 |       0 |   0.0 |      25 |       0 |   0.0
       D:11 |    2055 |     535 |  20.7 |      17 |       1 |   5.6
            +---------+---------+-------+---------+---------+-------
